 Dungeon Crawl Stone Soup version 0.30-a0-159-g068b764562 (webtiles) character file.

Game seed: 12137287130907203649

1782 Iusername the Protected (level 8, -8/60 (71) HPs)
             Began as a Minotaur Fighter on Sept 27, 2022.
             Was a Follower of Dithmenos.
             Mangled by a wight
             ... wielding a +2 long sword of electrocution
              (13 damage)
             ... on level 7 of the Dungeon.
             The game lasted 00:09:19 (7352 turns).

Iusername the Protected (Minotaur Fighter)          Turns: 7352, Time: 00:09:20

HP:   -8/60 (71)    AC:  9    Str: 23    XL:     8   Next: 81%
MP:   7/7           EV: 10    Int:  5    God:    Dithmenos [*.....]
Gold: 372           SH:  5    Dex: 10    Spells: 7/7 levels left

rFire   . . .      SeeInvis .    a - +0 trident
rCold   . . .      Faith    .    c - +0 buckler
rNeg    . . .      Spirit   .    b - +0 scale mail
rPois   .          Reflect  .    (helmet restricted)
rElec   .          Harm     .    (no cloak)
rCorr   .          Rampage  .    (no gloves)
Will    .....                    h - +0 pair of boots
Stlth   ..........               (no amulet)
HPRegen 0.20/turn                (no ring)
MPRegen 0.10/turn                (no ring)

@: wreathed by umbra, heavily drained
A: horns 2, retaliatory headbutt
a: Renounce Religion


You were on level 7 of the Dungeon.
You worshipped Dithmenos.
Dithmenos was aware of your devotion.
You visited 2 branches of the dungeon, and saw 8 of its levels.

You collected 372 gold pieces.

Inventory:

Hand Weapons
 a - a +0 trident (weapon)
Missiles
 l - 4 javelins (quivered)
Armour
 b - a +0 scale mail (worn)
 c - a +0 buckler (worn)
 h - a +0 pair of boots (worn)
Wands
 n - a wand of digging (5)
 v - a wand of flame (20)
Scrolls
 d - a scroll of enchant armour {unknown}
 f - 3 scrolls of fog
 i - 3 scrolls of enchant weapon {unknown}
 p - a scroll of vulnerability {unknown}
 q - a scroll of fear {unknown}
 s - a scroll of teleportation
 t - a scroll of poison {unknown}
 u - 5 scrolls of identify
 x - a scroll of magic mapping {unknown}
Potions
 e - 3 potions of curing
 g - a potion of heal wounds
 j - 2 potions of attraction
 k - 2 potions of ambrosia
 m - 3 potions of brilliance
 r - a potion of mutation
 w - a potion of magic {unknown}


   Skills:
 + Level 6.3 Fighting
 + Level 8.0 Polearms
 + Level 8.5 Armour
 + Level 2.9 Dodging
 + Level 1.2 Stealth
 + Level 6.0 Shields
 + Level 0.1 Evocations


You had 7 spell levels left.
You didn't know any spells.
Your spell library contained the following spells:

 Spells                   Type           Power      Damage    Failure   Level
 Beastly Appendage        Tmut           0%         N/A       83%         1
 Ensorcelled Hibernation  Hex/Ice        0%         N/A       92%         2
 Sublimation of Blood     Necr           0%         N/A       92%         2
 Wereblood                Tmut           0%         N/A       92%         2
 Call Canine Familiar     Summ           0%         N/A       99%         3
 Gell's Gravitas          Tloc           0%         N/A       99%         3
 Portal Projectile        Hex/Tloc       0%         N/A       99%         3
 Spider Form              Tmut/Pois      0%         N/A       99%         3
 Teleport Other           Tloc           0%         N/A       99%         3
 Anguish                  Hex/Necr       0%         N/A       100%        4
 Leda's Liquefaction      Hex/Erth       0%         N/A       100%        4
 Dispersal                Tloc           0%         N/A       100%        6
 Summon Hydra             Summ           0%         N/A       100%        7


Dungeon Overview and Level Annotations

Branches:
Dungeon (7/15)             Temple (1/1) D:4

Altars:
Ashenzari
Cheibriados
Dithmenos
Elyvilon
Gozag
Hepliaklqana
Kikubaaqudgha
Makhleb
Nemelex Xobeh
Okawaru
Qazlal
Ru
Sif Muna
Trog
Uskayaw
Vehumet
Wu Jian
Xom
Zin

Shops:
D:5 (


Innate Abilities, Weirdness & Mutations

You have a pair of horns on your head.
You reflexively headbutt those who attack you in melee.


Message History

The wight hits you but does no damage. You block the wight's attack. x2
You hit the wight but do no damage.
The wight is lightly damaged.
The wight hits you with a +3 dagger.
You feel drained. The wight closely misses you.
The wight hits you with a +2 long sword of electrocution.
You hit the wight but do no damage. Your headbutt misses the wight.
The wight is lightly damaged.
You hit the wight but do no damage. Your headbutt misses the wight.
The wight is lightly damaged.
You block the wight's attack. x2; The wight barely misses you.
You hit the wight.
The wight is heavily damaged.
The wight misses you. You furiously retaliate!
You headbutt the wight!
You destroy the wight!
Dithmenos accepts your kill.
The wight hits you from afar with a +0 spear.
* * * LOW HITPOINT WARNING * * *
You feel drained.
* * * LOW HITPOINT WARNING * * *
The wight hits you with a +2 long sword of electrocution.
* * * LOW HITPOINT WARNING * * *
You feel drained.
Your Polearms skill increases to level 8!
You feel much better. The wight hits you but does no damage.
The wight hits you with a +2 long sword of electrocution.
You feel drained.
As you read the scroll of fog, it crumbles to dust.
The scroll dissolves into smoke.
You block the jelly's attack. The wight barely misses you.
The wight hits you with a +2 long sword of electrocution.
You puncture the jelly!
Your hands burn!
The jelly is heavily wounded.
The jelly hits you.
You are splashed with acid!
* * * LOW HITPOINT WARNING * * *
The wight barely misses you.
The wight hits you with a +2 long sword of electrocution!
* * * LOW HITPOINT WARNING * * *
You are electrocuted!
You die...

...................#
...#......##..###..#
...# .....
#.......#### ..##
.... ##.........###
....
.)..#............#
#....
.....>.........##
#....
##.#.§§§§....## #
##§§§§§..(#
##J@§§...# ##§z§..##
#z.......#
....:....#
..........#
............
.............
.........#....


You could see a jelly and 2 wights.

Vanquished Creatures
  Sigmund (D:6)
  Edmund (D:6)
  A water moccasin (D:7)
  2 black bears
  An ogre (D:5)
  A centaur (D:6)
  2 phantoms
  2 bullfrogs (D:6)
  3 scorpions (D:5)
  A wight (D:7)
  4 hounds (D:5)
  2 jellies (D:5)
  A gnoll bouda (D:6)
  Jessica (D:3)
  3 iguanas
  An orc wizard (D:5)
  5 gnolls (D:6)
  9 adders
  A white imp (D:7)
  4 worms
  A dart slug (D:5)
  8 orcs
  6 ball pythons
  5 bats
  An endoplasm (D:2)
  3 giant cockroaches
  7 goblins
  9 hobgoblins
  4 quokkas (D:2)
  3 frilled lizards
  4 kobolds
  2 rats
99 creatures vanquished.

Vanquished Creatures (others)
  A plant (D:4)
1 creature vanquished.

Grand Total: 100 creatures vanquished

Notes
Turn   | Place    | Note
-------+----------+-------------------------------------------
     0 | D:1      | Iusername the Minotaur Fighter began the quest for the Orb.
     0 | D:1      | Reached XP level 1. HP: 19/19 MP: 0/0
   335 | D:1      | Reached XP level 2. HP: 27/27 MP: 1/1
  1102 | D:2      | Reached XP level 3. HP: 33/33 MP: 2/2
  1280 | D:2      | Found a faded altar of an unknown god.
  1765 | D:3      | Noticed Jessica
  1775 | D:3      | Killed Jessica
  1776 | D:3      | Reached XP level 4. HP: 40/40 MP: 3/3
  1825 | D:3      | Reached skill level 5 in Armour
  2599 | D:4      | Noticed a phantom
  2616 | D:4      | Killed a phantom
  2617 | D:4      | Reached XP level 5. HP: 24/46 MP: 4/4
  3087 | D:4      | Noticed a black bear
  3094 | D:4      | Killed a black bear
  3095 | D:4      | Reached skill level 1 in Dodging
  3095 | D:4      | Reached XP level 6. HP: 47/53 MP: 5/5
  3150 | D:4      | Reached skill level 5 in Shields
  3684 | D:4      | Found a staircase to the Ecumenical Temple.
  4114 | Temple   | Entered the Ecumenical Temple
  4298 | Temple   | Became a worshipper of Dithmenos the Shadowed
  4353 | D:5      | Entered Level 5 of the Dungeon
  4359 | D:5      | Reached skill level 5 in Polearms
  4520 | D:5      | Reached XP level 7. HP: 52/60 MP: 6/6
  4527 | D:5      | Reached skill level 5 in Fighting
  5595 | D:5      | Found Wuan's Weapon Boutique.
  5780 | D:5      | Reached XP level 8. HP: 33/69 MP: 7/7
  6035 | D:6      | Reached * piety under Dithmenos
  6109 | D:6      | Noticed Edmund
  6127 | D:6      | Killed Edmund
  6807 | D:6      | Noticed Sigmund
  6831 | D:6      | Killed Sigmund
  6832 | D:6      | Reached skill level 1 in Stealth
  7141 | D:6      | Found a sacrificial altar of Ru.
  7352 | D:7      | Mangled by a wight

Illustrated notes

Levels and vault maps discovered:
D:1:      dpeg_arrival_stone_temple_mockup, layout_basic, serial_park_tiny_1,
          minmay_pentomino_z4
D:2:      layout_basic, shapermc_ecumenical_altar_venn, st_stairs_13,
          nicolae_wormholes
D:3:      minmay_wonky_spiral, layout_basic, chequers_serial_rivers_small_3,
          uniq_jessica
D:4:      layout_basic, minmay_temple_entry_overgrown
D:5:      layout_basic, serial_shops, shop_fountains, minivault_27
D:6:      layout_gridville, nicolae_ru_path_of_blood, due_unseen_surprise,
          uniq_sigmund, uniq_edmund
D:7:      layout_cave_pools
Temple:   compressed_dpeg_circular_temple

Skill      XL: |  1  2  3  4  5  6  7  8 |
---------------+-------------------------+-----
Armour         | 4 5 6 7 8 |  8.5
Fighting       | 4 5 6 |  6.3
Polearms       | 3 4 5 6 8 |  8.0
Shields        | 4 5 6 |  6.0
Dodging        | 1 2 |  2.9
Stealth        | 1 |  1.2
Evocations     | |  0.1

Action                   |  1- 3 |  4- 6 |  7- 9 || total
-------------------------+-------+-------+-------++-------
Melee: Trident           |    92 |   141 |   171 ||   404
       Headbutt          |    11 |    28 |    24 ||    63
Evoke: Wand              |       |     1 |     1 ||     2
  Use: Scroll            |       |     5 |     2 ||     7
       Potion            |       |     3 |     3 ||     6
 Stab: Invisible         |       |       |     1 ||     1
Armor: Scale mail        |    28 |    50 |    70 ||   148
Dodge: Dodged            |    30 |    47 |    83 ||   160
Block: Buckler           |     9 |    30 |    39 ||    78

Table legend: (Time is in decaauts)
 A = Elapsed time spent in this place.
 B = Non-inter-level travel time spent in this place.
 C = Inter-level travel time spent in this place.
 D = Time resting spent in this place.
 E = Time spent auto-exploring this place.
 F = Levels seen in this place.
 G = Mean time per level.
                   A        B        C        D        E       F      G
               +--------+--------+--------+--------+--------+-----+--------+
         Total |   7394 |   7223 |    171 |   1746 |   4427 |   8 |  924.2 |
       Dungeon |   7167 |   6996 |    171 |   1746 |   4369 |   7 | 1023.9 |
        Temple |    226 |    226 |      0 |      0 |     58 |   1 |  226.0 |
               +--------+--------+--------+--------+--------+-----+--------+

Top non-repeatable levels by time:
     D:5: 1651 daAuts
     D:4: 1568 daAuts
     D:6: 1253 daAuts
     D:2: 905 daAuts
     D:3: 881 daAuts
     D:1: 810 daAuts
  Temple: 226 daAuts
     D:7: 96 daAuts
